 Dungeon Crawl Stone Soup version 0.29-a0-231-g945431f764 (webtiles) character file.

Game seed: 14415714903687175036

1944 drugrobin the Skirmisher (level 8, 0/71 HPs)
             Began as a Demigod Fighter on Mar 1, 2022.
             Slain by Joseph
             ... wielding a +0 quarterstaff
              (15 damage)
             ... on level 7 of the Dungeon.
             The game lasted 00:14:56 (9113 turns).

drugrobin the Skirmisher (Demigod Fighter)          Turns: 9113, Time: 00:14:56

Health: 0/71       AC: 11    Str: 25    XL:     8   Next: 66%
Magic:  10/10      EV:  8    Int: 10    God:
Gold:   286        SH:  4    Dex: 13    Spells: 7/7 levels left

rFire   + . .      SeeInvis .   b - +2 short sword (venom)
rCold   . . .      Faith    .   c - +0 buckler
rNeg    . . .      Spirit   .   y - +0 chain mail
rPois   .          Reflect  .   i - +0 helmet
rElec   .          Harm     .   (no cloak)
rCorr   .          Rampage  .   (no gloves)
Will    .....                   (no boots)
Stlth   ..........              (no amulet)
HPRegen 0.21/turn               r - ring of protection from fire
MPRegen 0.12/turn               (no ring)

@: no status effects
A: high MP 1, forlorn, divine attributes
a: no special abilities


You were on level 7 of the Dungeon.
You visited 1 branch of the dungeon, and saw 7 of its levels.

You collected 286 gold pieces.

Inventory:

Hand Weapons
 a - a +0 war axe
 b - a +2 short sword of venom (weapon)
Missiles
 h - 15 poisoned darts (quivered)
 j - 185 stones
 D - 5 silver javelins
Armour
 c - a +0 buckler (worn)
 i - a +0 helmet (worn)
 y - a +0 chain mail (worn)
Magical Staves
 E - a staff of poison
Jewellery
 r - a ring of protection from fire (left hand)
Wands
 x - a wand of acid (8)
Scrolls
 l - 6 scrolls of identify {unknown}
 m - a scroll of magic mapping {unknown}
 n - 2 scrolls of fear {unknown}
 o - 2 scrolls of teleportation
 p - 2 scrolls of blinking {unknown}
 q - 2 scrolls of immolation {unknown}
 t - a scroll of noise {unknown}
 A - 3 scrolls of vulnerability {unknown}
 C - 2 scrolls of torment {unknown}
Potions
 d - 3 potions of might
 e - a potion of resistance {unknown}
 f - a potion of heal wounds
 g - 3 potions of lignification {unknown}
 k - a potion of mutation {unknown}
 s - a potion of berserk rage
 u - a potion of curing {unknown}
 v - 4 potions of degeneration {unknown}
 w - 3 potions of brilliance {unknown}
 z - a potion of ambrosia {unknown}


   Skills:
 + Level 6.7 Fighting
 + Level 6.4 Axes
 + Level 6.7 Armour
 - Level 2.6 Shields


You had 7 spell levels left.
You didn't know any spells.
Your spell library contained the following spells:

 Spells                   Type           Power      Damage    Failure   Level
 Magic Dart               Conj           0%         1d3       96%         1
 Searing Ray              Conj           0%         2d4       99%         2
 Gell's Gravitas          Tloc           0%         N/A       100%        3
 Teleport Other           Tloc           0%         N/A       100%        3
 Fulminant Prism          Conj/Hex       0%         3d6       100%        4
 Dispersal                Tloc           0%         N/A       100%        6


Dungeon Overview and Level Annotations

Branches:
Dungeon (7/15)             Temple (0/1) D:7

Annotations:
D:7 Joseph


Innate Abilities, Weirdness & Mutations

You have an increased reservoir of magic. (+10% MP)
You shall have no god before yourself.
Your divine heritage dramatically boosts your attributes as you level up.


Message History

Joseph hits you with a +0 quarterstaff!
Aiming: Corrosive Bolt
Press: ? - help, Shift-Dir - straight line, f - Joseph
Aim: Joseph, wielding a +0 quarterstaff and wearing a +0 leather armour (71% to hit)
The bolt of acid hits Joseph!
The acid corrodes Joseph!
Joseph is lightly wounded.
Joseph hits you with a +0 quarterstaff.
Unknown command.
Unknown command.
Your +2 short sword of venom begins to drip with poison!
b - a +2 short sword of venom (weapon)
You hit Joseph.
Joseph is poisoned.
Joseph is moderately wounded.
Joseph closely misses you.
You hit Joseph.
Joseph looks as sick as possible!
Joseph is moderately wounded.
Joseph hits you but does no damage. You block Joseph's attack.
You hit Joseph.
Joseph looks as sick as possible!
Joseph is heavily wounded.
Joseph hits you with a +0 quarterstaff.
Your +2 short sword of venom stops dripping with poison.
a - a +0 war axe (weapon)
You slash Joseph!
Joseph is severely wounded.
Joseph drinks a potion.
Joseph is healed!
Joseph hits you with a +0 quarterstaff!
You hit Joseph.
Joseph is heavily wounded.
Joseph hits you with a +0 quarterstaff!
You hit Joseph.
Joseph is heavily wounded.
Joseph hits you with a +0 quarterstaff.
You hit Joseph.
Joseph is severely wounded.
Joseph hits you with a +0 quarterstaff!
* * * LOW HITPOINT WARNING * * *
Your +2 short sword of venom begins to drip with poison!
b - a +2 short sword of venom (weapon)
Joseph hits you with a +0 quarterstaff!
You die...

#.#### ##.....##
#.###.## #..
##...## #.# #.#
##.
.......##.###.# .#
#...##.##.....# .#
####...##.######.#
.#..$......# #.#
...#....#..# #.#
#....@#..# #.#
#...@#..# #.#
##......######.#
......##.........#
###### ###########


You could see Joseph (very poisoned, corroded).

Vanquished Creatures
  An ice beast (D:7)
  A black bear (D:5)
  5 ogres
  2 phantoms
  A scorpion (D:5)
  2 necrophages
  A howler monkey (D:6)
  2 jellies
  A gnoll shaman (D:5)
  2 orc priests (D:6)
  7 hounds
  4 iguanas
  5 orc wizards
  16 gnolls
  9 adders
  2 white imps (D:6)
  2 ufetubi
  4 worms
  2 dart slugs
  22 orcs
  7 ball pythons
  5 bats
  4 endoplasms
  2 giant cockroaches
  6 goblins
  9 hobgoblins
  8 jackals
  7 quokkas
  2 frilled lizards
  14 kobolds
  4 rats
159 creatures vanquished.

Vanquished Creatures (others)
  A plant (D:4)
1 creature vanquished.

Grand Total: 160 creatures vanquished

Notes
Turn   | Place    | Note
-------+----------+-------------------------------------------
     0 | D:1      | drugrobin the Demigod Fighter began the quest for the Orb.
     0 | D:1      | Reached XP level 1. HP: 18/18 MP: 3/3
   331 | D:1      | Reached XP level 2. HP: 21/25 MP: 4/4
   672 | D:2      | You fall into a shaft and drop 2 floors!
   923 | D:4      | Reached XP level 3. HP: 19/31 MP: 5/5
  1187 | D:3      | Reached XP level 4. HP: 32/38 MP: 6/6
  2132 | D:2      | Reached XP level 5. HP: 46/46 MP: 7/7
  3172 | D:3      | Found a large runed translucent door.
  3175 | D:3      | Found a large runed translucent door.
  3661 | D:4      | Noticed an ogre
  3693 | D:3      | Reached XP level 6. HP: 36/52 MP: 8/8
  4713 | D:4      | Reached XP level 7. HP: 45/60 MP: 9/9
  4799 | D:4      | Reached skill level 5 in Fighting
  4869 | D:5      | Entered Level 5 of the Dungeon
  5049 | D:5      | Reached skill level 5 in Armour
  5528 | D:5      | HP: 3/61 [black bear (3)]
  5529 | D:5      | HP: 1/61 [black bear (3)]
  5949 | D:5      | Reached skill level 5 in Axes
  6371 | D:5      | Reached XP level 8. HP: 45/70 MP: 10/10
  8933 | D:7      | Found a staircase to the Ecumenical Temple.
  9101 | D:7      | Noticed Joseph
  9113 | D:7      | Slain by Joseph

Illustrated notes

Levels and vault maps discovered:
D:1:      nicolae_arrival_washed_ashore, layout_basic, minmay_surrounded
D:2:      layout_basic, grunt_decor_cap, chequers_avenue
D:3:      layout_loops_ring, slow_altar_1, jmf_multi_god_temple2
D:4:      minmay_clustersquares, layout_basic,
          mainiacjoe_overflow_catch_the_wave
D:5:      layout_basic, st_stairs_2, corexii_shack
D:6:      layout_layer_cave, st_stairs_5, item_on_display_a
D:7:      layout_loops_corners, minmay_temple_entry_sparse_star, uniq_joseph

Skill      XL: |  1  2  3  4  5  6  7  8 |
---------------+-------------------------+-----
Axes           | 2 3 4 5 6 |  6.4
Fighting       | 3 4 5 6 |  6.7
Armour         | 3 4 5 6 |  6.7
Shields        | |  2.6

Action                   |  1- 3 |  4- 6 |  7- 9 || total
-------------------------+-------+-------+-------++-------
Melee: War axe           |    60 |   148 |   233 ||   441
       Short sword       |     2 |    69 |    18 ||    89
Throw: Dart              |     4 |     2 |    19 ||    25
Evoke: Wand              |       |       |     3 ||     3
  Use: Scroll            |     1 |       |       ||     1
       Potion            |     1 |       |       ||     1
Armor: Scale mail        |    36 |    93 |    37 ||   166
       Chain mail        |       |       |    78 ||    78
Dodge: Dodged            |    45 |    95 |   133 ||   273
Block: Buckler           |    23 |    62 |    67 ||   152

Table legend: (Time is in decaauts)
 A = Elapsed time spent in this place.
 B = Non-inter-level travel time spent in this place.
 C = Inter-level travel time spent in this place.
 D = Time resting spent in this place.
 E = Time spent auto-exploring this place.
 F = Levels seen in this place.
 G = Mean time per level.
                   A        B        C        D        E       F      G
               +--------+--------+--------+--------+--------+-----+--------+
         Total |   9274 |   9074 |    200 |   2384 |   4790 |   7 | 1324.9 |
       Dungeon |   9274 |   9074 |    200 |   2384 |   4790 |   7 | 1324.9 |
               +--------+--------+--------+--------+--------+-----+--------+

Top non-repeatable levels by time:
     D:5: 2299 daAuts
     D:3: 1782 daAuts
     D:6: 1509 daAuts
     D:4: 1301 daAuts
     D:2: 1279 daAuts
     D:1: 745 daAuts
     D:7: 356 daAuts
